AoeStats
← tjmsky

Arabia

506609052Analyzed
1v1 RM · 19d ago on Sep 14, 2026· 56m 23s· 2 players
Game mode
Random Map
Map size
Tiny (2 player)
Population
200
Speed
Normal
Resources
Standard
Victory
Conquest
Starting age
Dark Age
Ending age
Imperial Age
RankedLock teamsTeams togetherTeam positionsShared explorationLock speedFull tech treeHidden civsTurbo modeCheats
Victory
Defeat
986
+16
🇭🇰 Chinese · Hong Kong SAR China
984
-35
tjmsky
1:03 Loom
10:00 Feudal Age
11:05 Double-Bit Axe
11:20 Man-at-Arms
21:48 Castle Age
20:43 Fletching
21:37 Padded Archer Armor
21:51 Crossbowman
24:41 Bodkin Arrow
25:46 Leather Archer Armor
26:30 Town Watch
27:25 Wheelbarrow
27:37 Scale Barding Armor
30:51 Bloodlines
32:45 Chain Barding Armor
34:36 Forging
36:04 Gold Mining
36:06 Stone Mining
37:55 Iron Casting
39:20 Elite Skirmisher
39:24 Pikeman
40:41 Scale Mail Armor
45:21 Long Swordsman
47:29 Squires
47:24 Light Cavalry
50:29 Gold Shaft Mining
50:30 Stone Shaft Mining
58:19 Imperial Age
im shy dont bully me 🥺 👉
4:38 Loom
9:46 Feudal Age
10:12 Double-Bit Axe
10:07 Horse Collar
19:01 Fletching
21:05 Padded Archer Armor
26:39 Castle Age
27:06 Elite Skirmisher
28:49 Bodkin Arrow
30:37 Leather Archer Armor
31:24 Bow Saw
31:59 Gold Mining
33:34 Town Watch
39:19 Imperial Age
37:18 Guard Tower
37:51 Ballistics
40:07 Forging
39:57 Scale Mail Armor
39:42 Pikeman
42:10 Two-Man Saw
45:02 Bracer
47:43 Ring Archer Armor
47:40 Conscription
48:12 Squires
49:52 Arson
52:43 Gambesons
54:15 Chemistry
54:06 Gold Shaft Mining
Connection lost

Rejoining the realm…

Still unreachable

The connection could not be restored.

Session expired

The server has moved on; the page needs a fresh start.